 Dungeon Crawl Stone Soup version 0.27-a0-1442-g87b6fcb595 (webtiles) character file.

Game seed: 10921349592813275984

125 dolemite99 the Chopper (level 4, -8/39 HPs)
             Began as a Minotaur Abyssal Knight on July 5, 2021.
             Was a Believer of Lugonu.
             Mangled by Menkaure (18 damage)
             ... on level 4 of the Dungeon.
             The game lasted 00:05:36 (3508 turns).

dolemite99 the Chopper (Minotaur Abyssal Knight)    Turns: 3508, Time: 00:05:36

Health: -8/39      AC:  9    Str: 14 (17) XL:     4   Next: 82%
Magic:  4/4        EV:  6    Int:  6 (9)  God:    Lugonu [**....]
Gold:   19         SH:  0    Dex:  7 (10) Spells: 3/3 levels left

rFire    . . .     SeeInvis .   a - +1 hand axe
rCold    . . .     Faith    .   (no shield)
rNeg     + . .     Spirit   .   c - +1 chain mail
rPois    .         Reflect  .   (helmet restricted)
rElec    .         Harm     .   (no cloak)
rCorr    .         Rampage  .   (no gloves)
Will     .....                  (no boots)
Stlth    ..........             (no amulet)
HPRegen  0.13/turn              f - ring of positive energy
MPRegen  0.09/turn              (no ring)

@: very slightly contaminated, invisible
A: horns 2, retaliatory headbutt
a: Renounce Religion, Depart the Abyss, Bend Space


You were on level 4 of the Dungeon.
You worshipped Lugonu.
Lugonu was pleased with you.
You visited 1 branch of the dungeon, and saw 4 of its levels.
You visited the Abyss 1 time.

You collected 261 gold pieces.
You spent 242 gold pieces at shops.

Inventory:

Hand Weapons
 a - a +1 hand axe (weapon)
Missiles
 b - 52 arrows
 l - 81 stones
Armour
 c - a +1 chain mail (worn)
Jewellery
 f - a ring of positive energy (left hand)
Scrolls
 g - a scroll of teleportation
 h - 2 scrolls of enchant armour
Potions
 e - a potion of invisibility
 i - 2 potions of cancellation {unknown}
 k - a potion of curing
 m - a potion of might {unknown}
 n - 2 potions of flight {unknown}
 o - a potion of magic {unknown}
 p - a potion of mutation {unknown}


   Skills:
 - Level 3.6 Fighting
 + Level 6.2 Axes
 - Level 2.4 Armour
 - Level 1.1 Dodging
 - Level 1.7 Invocations


You had 3 spell levels left.
You didn't know any spells.
Your spell library was empty.

Dungeon Overview and Level Annotations

Branches:
Dungeon (4/15)
 Temple: D:4-7

Altars:
Fedhas
Ru
Xom

Shops:
D:1 :   D:2 =(:**   D:3 (?!

Annotations:
D:4 Menkaure


Innate Abilities, Weirdness & Mutations

You have a pair of horns on your head.
You reflexively headbutt those who attack you in melee.


Message History

Menkaure shouts!
You fade into invisibility!
You are very lightly contaminated with residual magic.
Unknown command.
It was a potion of degeneration.
There was something very wrong with that liquid.
You feel weakened.
You feel dopey.
You feel clumsy.
Unknown command.
You start waiting.
Menkaure is nearby!
Menkaure hits you!!
You hit Menkaure.
Menkaure is lightly damaged.
You hit Menkaure.
Menkaure is lightly damaged.
Menkaure calls on the powers of darkness!
Your body is wracked with pain!
You feel much better.
Menkaure gestures at you while chanting.
You barely resist. You barely miss Menkaure.
Menkaure is lightly damaged.
Menkaure hits you but does no damage.
You hit Menkaure.
Menkaure is moderately damaged.
Menkaure hits you but does no damage.
You hit Menkaure.
Menkaure is moderately damaged.
You hit Menkaure.
Menkaure is heavily damaged.
Menkaure hits you!
You barely miss Menkaure.
Menkaure is heavily damaged.
Menkaure hits you!!
* * * LOW HITPOINT WARNING * * *
You barely miss Menkaure.
Menkaure is heavily damaged.
Menkaure closely misses you.
You feel better. Menkaure hits you!!
You die...

######### ##....... #.
....M...# #.### #M# ...^#
##@## #.#.###.###...#
#.#.##........#
#.#.##..###...######
#####.#.##..####.......#
#.....<..........#####.#
#..####..............#.##
#..............#...
#..#.######.##..#.#


You could see Menkaure.

Vanquished Creatures
  An iguana (D:3)
  A hound skeleton (D:4)
  2 adders (D:2)
  2 worms (D:3)
  A dart slug (D:2)
  An orc (D:3)
  8 bats
  5 endoplasms
  2 giant cockroaches
  5 goblins
  7 hobgoblins
  2 jackals (D:4)
  5 quokkas
  6 ball pythons
  3 frilled lizards
  2 kobolds (D:1)
  4 rats
57 creatures vanquished.

Notes
Turn   | Place    | Note
-------+----------+-------------------------------------------
     0 | Abyss:1  | dolemite99 the Minotaur Abyssal Knight began the quest for
                  | the Orb.
     0 | Abyss:1  | Reached XP level 1. HP: 19/19 MP: 1/1
    29 | D:1      | Escaped the Abyss
   138 | D:1      | Reached skill level 3 in Axes
   344 | D:1      | Found Tugoeha's Book Boutique.
   351 | D:1      | Reached XP level 2. HP: 26/26 MP: 2/2
   855 | D:1      | Reached skill level 4 in Axes
  1086 | D:2      | Found Weurghiva's Assorted Antiques.
  1093 | D:2      | Bought a bubbling clear potion for 18 gold pieces
  1093 | D:2      | Bought an inky potion for 18 gold pieces
  1093 | D:2      | Bought a fuming sapphire potion for 18 gold pieces
  1106 | D:2      | Found Doida's General Store.
  1122 | D:2      | Found Kyacsotox's Weapon Shop.
  1234 | D:2      | Reached XP level 3. HP: 31/31 MP: 3/3
  1357 | D:2      | Reached ** piety under Lugonu
  1483 | D:2      | Found Doquf's Jewellery Emporium.
  1529 | D:2      | Reached skill level 5 in Axes
  1558 | D:2      | Found Boeh's Book Emporium.
  1616 | D:2      | Found a sacrificial altar of Ru.
  1628 | D:2      | Found a faded altar of an unknown god.
  1794 | D:3      | Reached XP level 4. HP: 29/39 MP: 4/4
  2096 | D:3      | Found Kuwappoel's Antique Weapon Shop.
  2273 | D:2      | Bought a scroll of identify for 24 gold pieces
  2274 | D:2      | Bought a potion of heal wounds for 60 gold pieces
  2450 | D:3      | Found Suoge's Distillery.
  2468 | D:3      | Found a blossoming altar of Fedhas.
  2468 | D:3      | Found a shimmering altar of Xom.
  2507 | D:3      | Found Wavvirr's Magic Scroll Shop.
  3329 | D:3      | Bought a potion of invisibility for 104 gold pieces
  3424 | D:4      | Reached skill level 6 in Axes
  3492 | D:4      | Noticed Menkaure
  3506 | D:4      | HP: 1/39 [Menkaure (19)]
  3508 | D:4      | Mangled by Menkaure

Illustrated notes

Levels and vault maps discovered:
D:1:      saegor_arrival_simple_b, layout_loops_corners, serial_shops, shop,
          hex_medium, minmay_tetromino_t2
D:2:      layout_rooms, shapermc_ecumenical_altar_totnotflames, serial_shops,
          nicolae_shop_behind_doors, shop, shop_fountains,
          nicolae_shop_competitors_out_of_business,
          nicolae_shop_temple_entry_statues_fountains, basic_altar,
          grunt_ministairs_10, minmay_strange_pillars
D:3:      kennysheep_six_static_rooms, layout_rooms,
          gammafunk_temple_overflow_pools, serial_shops, shop_scrolls,
          nicolae_shop_temple_entry_statues_fountains, shop_coins, serial_glass,
          glass_columns_a, glass_columns_a, glass_columns_a, glass_columns_a,
          glass_columns_b
D:4:      layout_loops_ring, lemuel_temple_firewalk_b, serial_shops, shop,
          nicolae_shop_clearance, uniq_menkaure

Skill      XL: |  1  2  3  4 |
---------------+-------------+-----
Axes           | 3 4 5 6 |  6.2
Fighting       | |  3.6
Armour         | |  2.4
Dodging        | |  1.1
Invocations    | |  1.7

Action                   |  1- 3 |  4- 6 || total
-------------------------+-------+-------++-------
Melee: Hand axe          |    81 |    56 ||   137
       Headbutt          |    11 |     3 ||    14
  Use: Scroll            |       |     6 ||     6
       Potion            |       |     4 ||     4
Armor: Chain mail        |    55 |    36 ||    91
Dodge: Dodged            |    29 |    18 ||    47

Table legend: (Time is in decaauts)
 A = Elapsed time spent in this place.
 B = Non-inter-level travel time spent in this place.
 C = Inter-level travel time spent in this place.
 D = Time resting spent in this place.
 E = Time spent auto-exploring this place.
 F = Levels seen in this place.
 G = Mean time per level.
                   A        B        C        D        E       F      G
               +--------+--------+--------+--------+--------+-----+--------+
         Total |   3515 |   3325 |    190 |    934 |   1825 |   5 |  703.0 |
       Dungeon |   3486 |   3296 |    190 |    934 |   1824 |   4 |  871.5 |
         Abyss |     29 |     29 |      0 |      0 |      1 |   1 |   29.0 |
               +--------+--------+--------+--------+--------+-----+--------+

Top non-repeatable levels by time:
     D:3: 1560 daAuts
     D:1: 1060 daAuts
     D:2: 775 daAuts
     D:4: 90 daAuts
 Abyss:1: 29 daAuts
